[ AOE2 MATCH · #468868331 ]
UnrankedGoths vs Byzantines
[ REPLAY ANALYSIS · EXTRACTED FROM THE RECORDED GAME ]
Feudal
10:49
Castle
16:58
Imperial
32:56
| APM avg | 22.8 |
| APM peak | 55 |
| eAPM avg | 11.5 |
| Villagers / military | 89 / 194 |
Focus
⚔️ 31.3% · 🌾 68.7%
Spearman ×133 · Huskarl ×40 · Trebuchet (Packed) ×15 · Monk ×6
Feudal
15:18
Castle
37:04
Imperial
—
| APM avg | 12.9 |
| APM peak | 35 |
| eAPM avg | 6.7 |
| Villagers / military | 37 / 35 |
Focus
⚔️ 30.9% · 🌾 69.1%
Spearman ×9 · Mangonel ×8 · Skirmisher ×6 · Knight ×5 · Scorpion ×5 · Cataphract ×1
Feudal
10:02
Castle
21:41
Imperial
43:17
| APM avg | 28.7 |
| APM peak | 61 |
| eAPM avg | 15.0 |
| Villagers / military | 145 / 187 |
Focus
⚔️ 39.5% · 🌾 60.5%
Skirmisher ×63 · Knight ×62 · Spearman ×44 · Scout Cavalry ×6 · Archer ×5 · Battering Ram ×4
Feudal
10:37
Castle
18:50
Imperial
34:56
| APM avg | 28.0 |
| APM peak | 64 |
| eAPM avg | 13.2 |
| Villagers / military | 66 / 116 |
Focus
⚔️ 23.2% · 🌾 76.8%
Cavalry Archer ×98 · Mangudai ×11 · Spearman ×4 · Trebuchet (Packed) ×3
Feudal
10:52
Castle
31:29
Imperial
44:05
| APM avg | 13.5 |
| APM peak | 50 |
| eAPM avg | 10.5 |
| Villagers / military | 105 / 74 |
Focus
⚔️ 23.9% · 🌾 76.1%
Skirmisher ×30 · Samurai ×24 · Spearman ×8 · Battering Ram ×7 · Archer ×5 · Trade Cart ×5
Feudal
10:06
Castle
19:45
Imperial
39:00
| APM avg | 11.6 |
| APM peak | 28 |
| eAPM avg | 7.6 |
| Villagers / military | 66 / 66 |
Focus
⚔️ 21.3% · 🌾 78.7%
Camel Scout ×62 · Spearman ×2 · Monk ×2
Match map
Initial resources + every placement click. Lines = walls · curves = elevation contours. ◆ gold · ⬟ stone · ● berries · ✦ relic · ◌ wall gap
Your base· Open — unwalled flank
JobsKill's base· Open — 4t gap
mauhp's base· Open — 4t gap
ZhiGang-LI's base· Open — 5t gap
Gut Check's base· Open — 2t gap
YB88898's base· Open — 5t gap
Smoothed initial terrain · ◌ = detected wall gap · hover for details
Inputs per minute
— TheEskimoBrother - - JobsKill
Build order — TheEskimoBrother
First 150 of 260 actions detected
| 0:03 | Create | Villager (Male) |
| 0:03 | Create | Villager (Male) |
| 0:03 | Create | Villager (Male) |
| 0:04 | Create | Villager (Male) |
| 0:06 | Build | House |
| 0:08 | Build | House |
| 1:27 | Create | Villager (Male) |
| 2:24 | Create | Villager (Male) |
| 2:46 | Create | Villager (Male) |
| 2:50 | Create | Villager (Male) |
| 3:38 | Create | Villager (Male) |
| 3:38 | Create | Villager (Male) |
| 3:38 | Create | Villager (Male) |
| 4:07 | Create | Villager (Male) |
| 4:20 | Build | House |
| 4:34 | Build | Mill |
| 4:57 | Create | Villager (Male) |
| 5:04 | Create | Villager (Male) |
| 5:04 | Create | Villager (Male) |
| 5:04 | Create | Villager (Male) |
| 6:09 | Create | Villager (Male) |
| 6:09 | Create | Villager (Male) |
| 6:09 | Create | Villager (Male) |
| 6:23 | Build | Mining Camp |
| 7:03 | Build | House |
| 7:42 | Create | Villager (Male) |
| 7:43 | Create | Villager (Male) |
| 7:43 | Create | Villager (Male) |
| 8:01 | Build | Lumber Camp |
| 8:28 | Research | Feudal Age |
| 9:42 | Research | Loom |
| 10:27 | Build | House |
| 10:28 | Build | House |
| 10:49 | Age | Feudal Age |
| 10:57 | Build | Blacksmith |
| 11:04 | Create | Villager (Male) |
| 11:04 | Create | Villager (Male) |
| 11:05 | Create | Villager (Male) |
| 11:37 | Build | Market |
| 11:56 | Build | Mining Camp |
| 11:58 | Research | Stone Mining |
| 12:27 | Build | Farm |
| 13:08 | Build | Farm |
| 14:18 | Research | Castle Age |
| 14:36 | Create | Villager (Male) |
| 14:48 | Create | Villager (Male) |
| 14:54 | Research | Double-Bit Axe |
| 16:15 | Create | Villager (Male) |
| 16:16 | Create | Villager (Male) |
| 16:16 | Create | Villager (Male) |
| 16:58 | Age | Castle Age |
| 17:29 | Build | Castle |
| 17:48 | Build | Town Center |
| 17:55 | Build | Farm |
| 18:10 | Build | Monastery |
| 19:04 | Create | Monk |
| 19:14 | Build | Farm |
| 19:17 | Create | Villager (Male) |
| 19:17 | Create | Villager (Male) |
| 19:17 | Create | Villager (Male) |
| 19:18 | Create | Villager (Male) |
| 19:18 | Create | Villager (Male) |
| 19:18 | Create | Villager (Male) |
| 19:18 | Create | Villager (Male) |
| 19:19 | Create | Villager (Male) |
| 19:22 | Research | Bow Saw |
| 21:07 | Create | Villager (Male) |
| 21:07 | Create | Villager (Male) |
| 21:08 | Create | Villager (Male) |
| 21:12 | Build | Farm |
| 21:16 | Build | Farm |
| 21:18 | Build | Farm |
| 21:23 | Build | Farm |
| 22:43 | Build | Town Center |
| 23:16 | Research | Town Watch |
| 23:18 | Research | Wheelbarrow |
| 23:36 | Build | Farm |
| 23:37 | Build | Farm |
| 23:38 | Build | Farm |
| 23:38 | Build | Farm |
| 23:40 | Build | Farm |
| 24:04 | Build | Farm |
| 24:08 | Build | Farm |
| 24:10 | Build | Farm |
| 24:23 | Build | Farm |
| 24:30 | Build | Farm |
| 24:38 | Build | Farm |
| 24:41 | Create | Villager (Male) |
| 24:42 | Create | Villager (Male) |
| 24:42 | Create | Villager (Male) |
| 24:43 | Create | Villager (Male) |
| 24:43 | Create | Villager (Male) |
| 24:49 | Build | Town Center |
| 25:28 | Research | Hand Cart |
| 25:49 | Create | Villager (Male) ×2 |
| 26:30 | Build | Town Center |
| 26:54 | Build | University |
| 27:07 | Research | Fletching |
| 27:25 | Build | Barracks |
| 27:54 | Build | Archery Range |
| 28:11 | Build | Farm |
| 28:14 | Build | Farm |
| 28:15 | Build | Farm |
| 28:52 | Build | Farm |
| 28:54 | Build | Farm |
| 28:55 | Build | Farm |
| 28:57 | Build | Farm |
| 28:58 | Build | Farm |
| 29:04 | Build | Farm |
| 29:21 | Build | Farm |
| 29:44 | Create | Villager (Male) |
| 29:46 | Research | Imperial Age |
| 30:08 | Create | Villager (Male) ×3 |
| 30:20 | Research | Horse Collar |
| 30:26 | Research | Pikeman (upgrade) |
| 30:58 | Create | Villager (Male) ×5 |
| 31:09 | Build | Mining Camp |
| 31:13 | Create | Villager (Male) ×4 |
| 31:26 | Build | Farm |
| 31:28 | Build | Farm |
| 31:34 | Create | Villager (Male) |
| 31:50 | Create | Villager (Male) ×5 |
| 32:24 | Research | Stone Shaft Mining |
| 32:30 | Research | Gold Mining |
| 32:33 | Research | Ballistics |
| 32:39 | Research | Squires |
| 32:40 | Create | Spearman ×4 |
| 32:40 | Create | Spearman ×4 |
| 32:56 | Age | Imperial Age |
| 32:56 | Research | Conscription |
| 32:59 | Create | Trebuchet (Packed) |
| 32:59 | Create | Trebuchet (Packed) |
| 33:00 | Create | Trebuchet (Packed) |
| 33:00 | Create | Trebuchet (Packed) |
| 33:00 | Create | Trebuchet (Packed) |
| 33:34 | Research | Halberdier (upgrade) |
| 33:56 | Create | Spearman ×5 |
| 33:56 | Create | Spearman ×5 |
| 34:43 | Research | Town Patrol |
| 34:46 | Create | Spearman ×5 |
| 34:47 | Create | Spearman ×5 |
| 35:18 | Build | House |
| 35:19 | Build | House |
| 35:20 | Build | House |
| 35:21 | Build | House |
| 35:22 | Build | House |
| 35:22 | Build | House |
| 35:23 | Build | House |
| 35:24 | Build | House |
| 35:25 | Build | House |
Build order — JobsKill
138 actions detected in the replay
| 0:17 | Build | House |
| 0:19 | Build | House |
| 0:21 | Build | House |
| 0:23 | Build | House |
| 0:27 | Build | House |
| 2:02 | Create | Villager (Male) |
| 2:02 | Create | Villager (Male) |
| 2:03 | Create | Villager (Male) |
| 2:03 | Create | Villager (Male) |
| 2:03 | Create | Villager (Male) |
| 2:49 | Research | Loom |
| 3:51 | Create | Villager (Male) |
| 3:51 | Create | Villager (Male) |
| 4:27 | Build | House |
| 4:30 | Build | House |
| 5:12 | Create | Villager (Male) |
| 5:12 | Create | Villager (Male) |
| 5:12 | Create | Villager (Male) |
| 5:23 | Build | Mill |
| 7:10 | Create | Villager (Male) |
| 7:11 | Create | Villager (Male) |
| 7:11 | Create | Villager (Male) |
| 7:11 | Create | Villager (Male) |
| 7:12 | Create | Villager (Male) |
| 7:22 | Create | Villager (Male) |
| 7:23 | Create | Villager (Male) |
| 7:52 | Create | Villager (Male) |
| 7:52 | Create | Villager (Male) |
| 8:22 | Build | Lumber Camp |
| 8:40 | Create | Villager (Male) |
| 8:41 | Create | Villager (Male) |
| 8:41 | Create | Villager (Male) |
| 9:40 | Build | Mining Camp |
| 10:03 | Create | Villager (Male) |
| 10:03 | Create | Villager (Male) |
| 11:10 | Create | Villager (Male) |
| 11:10 | Create | Villager (Male) |
| 12:56 | Build | Barracks |
| 13:08 | Research | Feudal Age |
| 15:18 | Age | Feudal Age |
| 15:53 | Build | Barracks |
| 16:04 | Create | Villager (Male) |
| 16:04 | Create | Villager (Male) |
| 16:05 | Create | Villager (Male) |
| 16:05 | Create | Villager (Male) |
| 16:05 | Create | Villager (Male) |
| 16:26 | Create | Spearman |
| 16:26 | Create | Spearman |
| 17:48 | Build | Watch Tower |
| 19:38 | Build | Watch Tower |
| 20:00 | Build | Archery Range |
| 20:31 | Build | Blacksmith |
| 20:54 | Build | Watch Tower |
| 21:46 | Create | Spearman ×5 |
| 22:20 | Create | Skirmisher ×5 |
| 22:53 | Create | Spearman |
| 22:53 | Create | Spearman |
| 23:48 | Create | Villager (Male) |
| 23:48 | Create | Villager (Male) |
| 23:48 | Create | Villager (Male) |
| 23:49 | Create | Villager (Male) |
| 24:51 | Create | Skirmisher |
| 25:04 | Research | Forging |
| 25:06 | Research | Fletching |
| 25:07 | Research | Padded Archer Armor |
| 30:36 | Build | Market |
| 31:12 | Build | Stable |
| 31:39 | Build | Lumber Camp |
| 32:02 | Build | Farm |
| 32:04 | Build | Farm |
| 32:29 | Build | Farm |
| 32:51 | Build | Farm |
| 32:53 | Build | Farm |
| 32:54 | Build | Farm |
| 34:24 | Research | Castle Age |
| 34:49 | Build | House |
| 34:51 | Build | House |
| 34:54 | Build | House |
| 34:58 | Build | House |
| 34:59 | Build | House |
| 37:04 | Age | Castle Age |
| 37:11 | Create | Knight ×5 |
| 38:40 | Build | Castle |
| 40:07 | Build | Siege Workshop |
| 40:18 | Research | Iron Casting |
| 40:44 | Create | Scorpion |
| 40:44 | Create | Scorpion |
| 40:44 | Create | Scorpion |
| 40:54 | Build | Siege Workshop |
| 41:07 | Build | House |
| 41:07 | Build | House |
| 41:08 | Build | House |
| 41:08 | Build | House |
| 41:10 | Build | House |
| 41:11 | Build | House |
| 41:11 | Build | House |
| 41:11 | Build | House |
| 41:11 | Build | House |
| 41:11 | Build | House |
| 41:11 | Build | House |
| 41:12 | Build | House |
| 41:12 | Build | House |
| 41:12 | Build | House |
| 41:29 | Build | Town Center |
| 41:36 | Build | Mining Camp |
| 42:18 | Create | Scorpion |
| 42:18 | Create | Scorpion |
| 42:53 | Build | Blacksmith |
| 43:37 | Create | Cataphract |
| 43:55 | Create | Battering Ram |
| 44:38 | Create | Mangonel |
| 45:04 | Build | Stone Wall |
| 45:12 | Build | Gate |
| 45:31 | Build | Palisade Wall |
| 46:10 | Build | Farm |
| 46:11 | Build | Farm |
| 46:11 | Build | Farm |
| 46:11 | Build | Farm |
| 46:12 | Build | Farm |
| 46:12 | Build | Farm |
| 46:12 | Build | Farm |
| 46:14 | Build | Farm |
| 46:19 | Build | Farm |
| 46:33 | Research | Double-Bit Axe |
| 47:02 | Build | Mill |
| 47:06 | Build | Farm |
| 47:53 | Build | House |
| 47:56 | Build | House |
| 48:05 | Build | Lumber Camp |
| 48:09 | Create | Villager (Male) |
| 48:10 | Create | Villager (Male) |
| 48:22 | Create | Mangonel |
| 48:25 | Create | Mangonel |
| 49:58 | Build | Palisade Wall |
| 51:52 | Build | Town Center |
| 51:56 | Build | House |
| 53:54 | Build | Stable |
| 54:03 | Create | Mangonel ×5 |
Build order — mauhp
First 150 of 483 actions detected
| 0:01 | Create | Villager (Male) |
| 0:01 | Create | Villager (Male) |
| 0:03 | Build | House |
| 0:04 | Build | House |
| 1:05 | Create | Villager (Male) |
| 1:05 | Create | Villager (Male) |
| 1:05 | Create | Villager (Male) |
| 1:36 | Create | Villager (Male) |
| 1:36 | Create | Villager (Male) |
| 2:02 | Build | Lumber Camp |
| 2:21 | Create | Villager (Male) |
| 2:21 | Create | Villager (Male) |
| 2:49 | Create | Villager (Male) |
| 2:49 | Create | Villager (Male) |
| 2:50 | Create | Villager (Male) |
| 3:02 | Create | Villager (Male) |
| 3:02 | Create | Villager (Male) |
| 3:43 | Create | Villager (Male) |
| 3:43 | Create | Villager (Male) |
| 4:12 | Create | Villager (Male) |
| 4:12 | Create | Villager (Male) |
| 4:12 | Create | Villager (Male) |
| 5:07 | Create | Villager (Male) |
| 5:07 | Create | Villager (Male) |
| 5:07 | Create | Villager (Male) |
| 5:13 | Build | House |
| 5:55 | Build | Mill |
| 5:59 | Create | Villager (Male) |
| 6:28 | Create | Villager (Male) |
| 6:37 | Build | House |
| 6:55 | Create | Villager (Male) |
| 7:23 | Create | Villager (Male) |
| 7:49 | Create | Villager (Male) |
| 7:52 | Research | Feudal Age |
| 8:03 | Build | Lumber Camp |
| 8:07 | Build | Mining Camp |
| 9:28 | Build | Barracks |
| 9:41 | Create | Villager (Male) |
| 10:02 | Age | Feudal Age |
| 10:16 | Build | Stable |
| 10:19 | Create | Villager (Male) |
| 10:29 | Research | Double-Bit Axe |
| 10:56 | Build | House |
| 10:58 | Create | Scout Cavalry |
| 10:59 | Create | Scout Cavalry |
| 11:01 | Create | Villager (Male) |
| 11:06 | Create | Villager (Male) |
| 12:32 | Create | Villager (Male) |
| 12:34 | Create | Villager (Male) |
| 12:40 | Create | Scout Cavalry |
| 12:41 | Create | Scout Cavalry |
| 12:45 | Build | Farm |
| 12:47 | Build | Farm |
| 13:07 | Create | Villager (Male) |
| 13:09 | Build | Farm |
| 13:09 | Build | Farm |
| 13:09 | Build | Farm |
| 13:13 | Create | Villager (Male) |
| 13:41 | Create | Villager (Male) |
| 13:45 | Research | Loom |
| 13:48 | Build | House |
| 13:52 | Build | House |
| 13:58 | Create | Scout Cavalry |
| 14:35 | Create | Villager (Male) |
| 14:37 | Create | Villager (Male) |
| 14:39 | Create | Scout Cavalry |
| 15:00 | Create | Villager (Male) |
| 15:03 | Build | Farm |
| 15:07 | Build | Farm |
| 15:07 | Build | Farm |
| 15:18 | Build | Archery Range |
| 15:37 | Create | Villager (Male) |
| 16:23 | Create | Archer |
| 16:23 | Create | Archer |
| 16:23 | Create | Archer |
| 16:27 | Create | Villager (Male) |
| 16:33 | Build | Farm |
| 16:35 | Build | Mining Camp |
| 16:50 | Build | Blacksmith |
| 16:58 | Build | Lumber Camp |
| 17:38 | Create | Villager (Male) |
| 18:02 | Create | Archer |
| 18:07 | Create | Villager (Male) |
| 18:15 | Build | House |
| 18:17 | Build | House |
| 19:01 | Research | Castle Age |
| 19:05 | Build | Farm |
| 19:05 | Build | Farm |
| 19:05 | Build | Farm |
| 19:06 | Build | Farm |
| 19:14 | Create | Archer |
| 19:42 | Build | Farm |
| 19:54 | Build | Stable |
| 19:56 | Create | Villager (Male) |
| 20:31 | Create | Villager (Male) |
| 20:42 | Research | Gold Mining |
| 21:29 | Research | Forging |
| 21:41 | Age | Castle Age |
| 21:47 | Create | Knight |
| 21:47 | Create | Knight |
| 22:06 | Build | Siege Workshop |
| 22:09 | Create | Villager (Male) |
| 22:15 | Build | Town Center |
| 22:18 | Create | Villager (Male) |
| 22:49 | Create | Villager (Male) |
| 22:49 | Create | Villager (Male) |
| 22:49 | Create | Villager (Male) |
| 22:56 | Build | Farm |
| 22:58 | Build | Farm |
| 23:00 | Build | Farm |
| 23:23 | Create | Villager (Male) |
| 23:28 | Build | Farm |
| 23:34 | Build | Farm |
| 23:37 | Create | Villager (Male) |
| 23:39 | Create | Villager (Male) |
| 23:39 | Create | Villager (Male) |
| 23:40 | Create | Villager (Male) |
| 23:40 | Create | Villager (Male) |
| 23:51 | Create | Knight |
| 23:52 | Create | Knight |
| 23:58 | Build | Farm |
| 24:23 | Build | Farm |
| 24:32 | Build | House |
| 24:33 | Build | House |
| 24:52 | Build | Farm |
| 24:55 | Research | Iron Casting |
| 24:57 | Research | Scale Barding Armor |
| 25:09 | Create | Villager (Male) |
| 25:09 | Create | Villager (Male) |
| 25:35 | Research | Elite Skirmisher (upgrade) |
| 26:00 | Create | Villager (Male) |
| 26:02 | Build | Farm |
| 26:24 | Research | Wheelbarrow |
| 26:32 | Create | Knight |
| 26:32 | Create | Knight |
| 27:01 | Create | Skirmisher |
| 27:01 | Create | Skirmisher |
| 27:02 | Create | Skirmisher |
| 27:04 | Build | Farm |
| 27:38 | Create | Villager (Male) |
| 27:38 | Create | Villager (Male) |
| 27:39 | Create | Villager (Male) |
| 27:39 | Create | Villager (Male) |
| 28:01 | Create | Skirmisher |
| 28:01 | Create | Skirmisher |
| 28:28 | Create | Villager (Male) |
| 28:28 | Create | Villager (Male) |
| 28:28 | Create | Villager (Male) |
| 28:28 | Create | Villager (Male) |
| 28:33 | Create | Skirmisher |
Build order — ZhiGang-LI
First 150 of 192 actions detected
| 0:01 | Create | Villager (Male) |
| 0:01 | Create | Villager (Male) |
| 0:01 | Create | Villager (Male) |
| 0:02 | Create | Villager (Male) |
| 0:04 | Build | House |
| 0:05 | Build | House |
| 0:06 | Build | House |
| 0:50 | Research | Loom |
| 1:24 | Build | Mill |
| 1:42 | Create | Villager (Male) |
| 2:22 | Create | Villager (Male) |
| 2:57 | Create | Villager (Male) |
| 3:13 | Create | Villager (Male) |
| 3:25 | Create | Villager (Male) |
| 4:14 | Create | Villager (Male) |
| 4:14 | Create | Villager (Male) |
| 4:14 | Create | Villager (Male) |
| 4:47 | Create | Villager (Male) |
| 5:00 | Create | Villager (Male) |
| 5:39 | Create | Villager (Male) |
| 5:44 | Create | Villager (Male) |
| 6:01 | Create | Villager (Male) |
| 6:25 | Build | House |
| 6:33 | Create | Villager (Male) |
| 7:37 | Build | Lumber Camp |
| 7:44 | Create | Villager (Male) |
| 8:27 | Research | Feudal Age |
| 8:38 | Build | House |
| 8:39 | Build | House |
| 8:57 | Create | Villager (Male) |
| 8:57 | Create | Villager (Male) |
| 8:58 | Create | Villager (Male) |
| 9:43 | Build | Barracks |
| 10:37 | Age | Feudal Age |
| 10:47 | Create | Villager (Male) |
| 10:51 | Research | Double-Bit Axe |
| 11:03 | Build | Mining Camp |
| 11:08 | Create | Villager (Male) |
| 11:09 | Create | Villager (Male) |
| 11:09 | Create | Villager (Male) |
| 11:33 | Create | Villager (Male) |
| 11:54 | Build | Blacksmith |
| 12:00 | Create | Villager (Male) |
| 12:52 | Build | House |
| 12:53 | Build | House |
| 12:57 | Build | Farm |
| 13:00 | Build | Farm |
| 13:06 | Create | Spearman |
| 13:07 | Create | Spearman |
| 13:20 | Build | Farm |
| 13:28 | Build | Farm |
| 13:41 | Build | Farm |
| 13:45 | Create | Spearman |
| 14:02 | Build | Farm |
| 14:05 | Create | Spearman |
| 14:31 | Build | Mining Camp |
| 14:47 | Create | Villager (Male) |
| 15:07 | Create | Villager (Male) |
| 15:19 | Build | Market |
| 15:40 | Build | Farm |
| 15:41 | Create | Villager (Male) |
| 16:10 | Research | Castle Age |
| 16:19 | Build | Farm |
| 16:36 | Research | Gold Mining |
| 17:57 | Build | Archery Range |
| 17:57 | Build | Archery Range |
| 18:00 | Research | Fletching |
| 18:04 | Research | Padded Archer Armor |
| 18:30 | Build | Farm |
| 18:34 | Build | Farm |
| 18:50 | Age | Castle Age |
| 18:51 | Build | Archery Range |
| 18:55 | Create | Cavalry Archer |
| 18:59 | Research | Bodkin Arrow |
| 19:10 | Create | Cavalry Archer ×3 |
| 19:27 | Build | Lumber Camp |
| 19:51 | Create | Villager (Male) |
| 20:03 | Create | Villager (Male) |
| 20:21 | Build | Farm |
| 20:46 | Research | Horse Collar |
| 20:50 | Build | Farm |
| 21:02 | Build | Town Center |
| 22:17 | Create | Villager (Male) |
| 22:18 | Create | Villager (Male) |
| 22:18 | Create | Villager (Male) |
| 22:34 | Research | Thumb Ring |
| 22:43 | Build | Farm |
| 22:46 | Create | Villager (Male) |
| 23:06 | Create | Cavalry Archer ×3 |
| 23:20 | Build | Farm |
| 23:50 | Create | Cavalry Archer ×3 |
| 25:01 | Build | Farm |
| 26:24 | Create | Villager (Male) |
| 26:24 | Create | Villager (Male) |
| 26:40 | Build | Town Center |
| 27:31 | Build | House |
| 27:31 | Build | House |
| 27:31 | Build | House |
| 27:32 | Build | House |
| 27:32 | Build | House |
| 27:33 | Build | House |
| 27:59 | Create | Villager (Male) |
| 27:59 | Create | Villager (Male) |
| 28:27 | Research | Wheelbarrow |
| 28:29 | Create | Villager (Male) |
| 28:29 | Create | Villager (Male) |
| 28:52 | Create | Cavalry Archer ×5 |
| 29:31 | Build | Farm |
| 29:33 | Build | Farm |
| 29:40 | Build | University |
| 29:46 | Build | Monastery |
| 30:41 | Create | Villager (Male) |
| 30:41 | Create | Villager (Male) |
| 30:47 | Research | Hand Cart |
| 31:26 | Create | Cavalry Archer ×5 |
| 31:46 | Research | Imperial Age |
| 32:37 | Build | Castle |
| 33:51 | Research | Ballistics |
| 33:57 | Research | Leather Archer Armor |
| 34:43 | Create | Cavalry Archer ×5 |
| 34:43 | Create | Cavalry Archer ×5 |
| 34:56 | Age | Imperial Age |
| 35:32 | Research | Chemistry |
| 35:58 | Create | Trebuchet (Packed) |
| 36:20 | Create | Villager (Male) |
| 36:20 | Create | Villager (Male) |
| 36:20 | Create | Villager (Male) |
| 36:21 | Create | Villager (Male) |
| 36:44 | Research | Conscription |
| 37:26 | Create | Trebuchet (Packed) |
| 37:44 | Build | Mining Camp |
| 37:51 | Build | Farm |
| 37:55 | Build | Farm |
| 38:20 | Build | Castle |
| 38:25 | Create | Trebuchet (Packed) |
| 40:12 | Create | Mangudai ×5 |
| 40:13 | Create | Mangudai ×5 |
| 41:20 | Create | Mangudai |
| 42:04 | Build | Archery Range |
| 42:06 | Build | Archery Range |
| 42:06 | Build | Archery Range |
| 42:07 | Build | Archery Range |
| 42:08 | Build | Archery Range |
| 42:09 | Build | Farm |
| 43:00 | Build | Lumber Camp |
| 43:11 | Research | Parthian Tactics |
| 43:12 | Create | Cavalry Archer ×5 |
| 43:12 | Create | Cavalry Archer ×5 |
| 43:18 | Build | House |
| 43:19 | Build | House |
Build order — Gut Check
First 150 of 304 actions detected
| 0:02 | Create | Villager (Male) |
| 0:02 | Create | Villager (Male) |
| 0:03 | Create | Villager (Male) |
| 0:03 | Create | Villager (Male) |
| 0:03 | Create | Villager (Male) |
| 0:05 | Build | House |
| 0:07 | Build | House |
| 1:36 | Create | Villager (Male) |
| 2:00 | Build | Lumber Camp |
| 2:07 | Create | Villager (Male) |
| 2:33 | Create | Villager (Male) |
| 2:42 | Build | Mill |
| 2:58 | Create | Villager (Male) |
| 3:23 | Create | Villager (Male) |
| 3:37 | Create | Villager (Male) |
| 4:17 | Create | Villager (Male) |
| 4:43 | Create | Villager (Male) |
| 5:01 | Create | Villager (Male) |
| 5:13 | Build | House |
| 5:15 | Build | House |
| 5:21 | Research | Loom |
| 5:22 | Create | Villager (Male) |
| 5:23 | Create | Villager (Male) |
| 6:04 | Create | Villager (Male) |
| 6:44 | Create | Villager (Male) |
| 6:56 | Build | Barracks |
| 7:00 | Build | House |
| 7:06 | Create | Villager (Male) |
| 7:15 | Create | Villager (Male) |
| 7:48 | Create | Villager (Male) |
| 8:02 | Build | Palisade Gate |
| 8:42 | Research | Feudal Age |
| 8:43 | Create | Villager (Male) |
| 8:47 | Build | Mining Camp |
| 10:21 | Create | Villager (Male) |
| 10:52 | Age | Feudal Age |
| 10:57 | Build | Archery Range |
| 11:24 | Build | Blacksmith |
| 11:48 | Build | Watch Tower |
| 12:03 | Build | House |
| 12:04 | Build | House |
| 12:06 | Build | House |
| 13:33 | Create | Villager (Male) |
| 13:33 | Create | Villager (Male) |
| 13:47 | Create | Villager (Male) |
| 13:48 | Create | Villager (Male) |
| 14:07 | Build | Mining Camp |
| 14:09 | Create | Villager (Male) |
| 15:02 | Create | Villager (Male) |
| 15:02 | Create | Villager (Male) |
| 15:16 | Build | Mining Camp |
| 15:30 | Create | Villager (Male) |
| 15:49 | Create | Archer |
| 15:50 | Create | Archer |
| 15:51 | Create | Archer |
| 15:51 | Create | Archer |
| 16:09 | Research | Stone Mining |
| 16:12 | Research | Gold Mining |
| 16:20 | Build | House |
| 16:34 | Create | Archer |
| 17:11 | Build | Stable |
| 17:13 | Create | Villager (Male) |
| 17:13 | Create | Villager (Male) |
| 17:17 | Research | Wheelbarrow |
| 17:23 | Create | Villager (Male) |
| 17:49 | Build | Palisade Wall |
| 18:04 | Build | House |
| 18:13 | Build | Market |
| 18:49 | Build | Lumber Camp |
| 19:23 | Create | Villager (Male) |
| 19:46 | Build | Palisade Wall |
| 19:53 | Build | Palisade Wall |
| 20:02 | Build | Palisade Wall |
| 20:36 | Build | House |
| 20:38 | Build | House |
| 21:10 | Build | Farm |
| 21:10 | Build | Farm |
| 21:11 | Build | Farm |
| 21:12 | Build | Farm |
| 21:13 | Build | Farm |
| 21:14 | Build | Farm |
| 21:15 | Build | Farm |
| 22:35 | Create | Spearman |
| 22:35 | Create | Spearman |
| 22:35 | Create | Spearman |
| 23:27 | Create | Spearman |
| 23:27 | Create | Spearman |
| 23:28 | Create | Spearman |
| 24:41 | Build | Palisade Wall |
| 24:57 | Build | Farm |
| 24:58 | Build | Farm |
| 24:58 | Build | Farm |
| 24:58 | Build | Farm |
| 24:58 | Build | Farm |
| 24:59 | Build | Farm |
| 25:02 | Create | Skirmisher |
| 25:02 | Create | Skirmisher |
| 25:03 | Create | Skirmisher |
| 25:03 | Create | Skirmisher |
| 25:03 | Create | Skirmisher |
| 25:45 | Create | Villager (Male) |
| 27:22 | Build | Mill |
| 27:25 | Build | Farm |
| 27:25 | Build | Farm |
| 27:26 | Build | Farm |
| 27:26 | Build | Farm |
| 27:27 | Build | Farm |
| 28:49 | Research | Castle Age |
| 29:44 | Create | Spearman |
| 29:44 | Create | Spearman |
| 31:29 | Age | Castle Age |
| 31:36 | Build | Castle |
| 32:14 | Build | Town Center |
| 32:19 | Research | Horse Collar |
| 32:24 | Build | Farm |
| 33:14 | Create | Samurai |
| 33:14 | Create | Samurai |
| 33:14 | Create | Samurai |
| 33:15 | Create | Samurai |
| 33:19 | Create | Villager (Male) |
| 33:19 | Create | Villager (Male) |
| 33:20 | Create | Villager (Male) |
| 33:20 | Create | Villager (Male) |
| 33:23 | Create | Villager (Male) |
| 33:24 | Create | Villager (Male) |
| 33:24 | Create | Villager (Male) |
| 33:25 | Create | Villager (Male) |
| 34:35 | Create | Samurai |
| 34:48 | Build | Farm |
| 34:49 | Build | Farm |
| 34:49 | Build | Farm |
| 35:19 | Create | Samurai |
| 35:19 | Create | Samurai |
| 35:52 | Create | Villager (Male) |
| 35:52 | Create | Villager (Male) |
| 35:52 | Create | Villager (Male) |
| 35:53 | Create | Villager (Male) |
| 35:53 | Create | Villager (Male) |
| 36:04 | Build | Stone Wall |
| 36:20 | Build | University |
| 36:24 | Build | Lumber Camp |
| 36:27 | Create | Villager (Male) |
| 36:35 | Build | Farm |
| 36:44 | Build | Farm |
| 37:21 | Build | Farm |
| 37:40 | Research | Double-Bit Axe |
| 39:06 | Create | Villager (Male) |
| 39:06 | Create | Villager (Male) |
| 39:06 | Create | Villager (Male) |
| 39:07 | Create | Villager (Male) |
Build order — YB88898
First 150 of 156 actions detected
| 0:06 | Build | House |
| 0:08 | Build | House |
| 0:09 | Build | House |
| 0:10 | Build | House |
| 0:12 | Create | Villager (Male) ×4 |
| 0:13 | Research | Loom |
| 1:17 | Create | Villager (Male) |
| 1:17 | Create | Villager (Male) |
| 2:35 | Create | Villager (Male) ×2 |
| 2:36 | Create | Villager (Male) ×2 |
| 3:20 | Create | Villager (Male) |
| 3:20 | Create | Villager (Male) |
| 3:20 | Create | Villager (Male) |
| 3:20 | Create | Villager (Male) |
| 3:39 | Build | Mill |
| 3:51 | Create | Villager (Male) |
| 3:51 | Create | Villager (Male) |
| 4:11 | Create | Villager (Male) |
| 4:11 | Create | Villager (Male) |
| 4:42 | Create | Villager (Male) ×2 |
| 4:42 | Create | Villager (Male) ×2 |
| 5:27 | Create | Villager (Male) |
| 5:29 | Create | Villager (Male) |
| 5:29 | Create | Villager (Male) |
| 6:53 | Build | Lumber Camp |
| 7:56 | Research | Feudal Age |
| 9:57 | Build | Barracks |
| 10:06 | Age | Feudal Age |
| 10:11 | Research | Double-Bit Axe |
| 10:27 | Build | Watch Tower |
| 10:33 | Create | Villager (Male) |
| 10:34 | Create | Villager (Male) |
| 10:34 | Create | Villager (Male) |
| 10:35 | Create | Villager (Male) |
| 11:28 | Build | Watch Tower |
| 11:31 | Create | Spearman |
| 11:32 | Create | Spearman |
| 12:51 | Create | Villager (Male) |
| 12:53 | Create | Villager (Male) |
| 13:02 | Build | House |
| 13:03 | Build | House |
| 14:27 | Build | Blacksmith |
| 15:11 | Build | Stable |
| 16:34 | Build | Watch Tower |
| 17:05 | Research | Castle Age |
| 18:08 | Build | House |
| 18:26 | Build | Stone Wall |
| 18:36 | Build | House |
| 18:56 | Research | Forging |
| 19:15 | Build | Stable |
| 19:29 | Build | Farm |
| 19:44 | Build | Farm |
| 19:45 | Age | Castle Age |
| 19:46 | Build | Farm |
| 19:48 | Build | Farm |
| 20:02 | Build | Town Center |
| 20:10 | Build | Farm |
| 20:15 | Create | Camel Scout ×3 |
| 20:52 | Build | Farm |
| 21:01 | Create | Camel Scout |
| 21:19 | Create | Villager (Male) |
| 21:19 | Create | Villager (Male) |
| 22:41 | Create | Villager (Male) |
| 22:41 | Create | Villager (Male) |
| 22:42 | Create | Villager (Male) |
| 22:42 | Create | Villager (Male) |
| 23:48 | Build | Farm |
| 24:47 | Create | Camel Scout ×4 |
| 25:17 | Build | Castle |
| 25:34 | Create | Villager (Male) |
| 26:22 | Build | Farm |
| 26:28 | Research | Bloodlines |
| 26:59 | Build | Farm |
| 27:01 | Build | Farm |
| 27:37 | Create | Camel Scout ×3 |
| 28:07 | Build | Mining Camp |
| 28:36 | Create | Villager (Male) |
| 28:37 | Create | Villager (Male) |
| 28:37 | Create | Villager (Male) |
| 28:37 | Create | Villager (Male) |
| 28:38 | Create | Villager (Male) |
| 29:10 | Build | Farm |
| 29:11 | Build | Farm |
| 29:13 | Research | Horse Collar |
| 29:45 | Build | Farm |
| 29:50 | Build | Farm |
| 29:52 | Create | Villager (Male) |
| 29:52 | Create | Villager (Male) |
| 30:26 | Build | Farm |
| 30:49 | Build | Castle |
| 31:00 | Create | Villager (Male) |
| 31:00 | Create | Villager (Male) |
| 31:20 | Create | Camel Scout ×5 |
| 32:32 | Build | Mining Camp |
| 33:37 | Research | Heavy Plow |
| 34:33 | Build | Monastery |
| 34:41 | Build | Stone Wall |
| 35:38 | Create | Monk |
| 35:50 | Research | Imperial Age |
| 35:54 | Create | Villager (Male) |
| 35:55 | Create | Villager (Male) |
| 36:24 | Create | Monk |
| 37:32 | Build | Town Center |
| 37:59 | Build | Market |
| 39:00 | Age | Imperial Age |
| 39:55 | Research | Heavy Camel Rider (upgrade) |
| 40:25 | Build | Stable |
| 41:13 | Create | Camel Scout ×5 |
| 41:13 | Create | Camel Scout ×5 |
| 41:14 | Create | Camel Scout ×5 |
| 41:14 | Create | Camel Scout ×5 |
| 41:14 | Create | Camel Scout ×4 |
| 41:24 | Build | Mill |
| 41:39 | Create | Camel Scout ×2 |
| 41:40 | Create | Camel Scout ×2 |
| 41:51 | Build | House |
| 41:52 | Build | House |
| 41:52 | Build | House |
| 41:52 | Build | House |
| 41:55 | Build | House |
| 41:56 | Build | House |
| 42:19 | Create | Camel Scout ×2 |
| 42:19 | Create | Camel Scout ×2 |
| 42:47 | Create | Camel Scout |
| 42:47 | Create | Camel Scout |
| 43:27 | Build | Farm |
| 43:28 | Build | Farm |
| 43:45 | Create | Camel Scout |
| 43:45 | Create | Camel Scout |
| 44:46 | Build | Farm |
| 44:47 | Build | Farm |
| 45:02 | Build | Mill |
| 46:08 | Research | Scale Barding Armor |
| 46:47 | Research | Iron Casting |
| 47:02 | Create | Villager (Male) |
| 47:02 | Create | Villager (Male) |
| 47:02 | Create | Villager (Male) |
| 47:02 | Create | Villager (Male) |
| 47:02 | Create | Villager (Male) |
| 49:04 | Build | Farm |
| 49:06 | Build | Farm |
| 49:09 | Build | Farm |
| 50:21 | Create | Camel Scout ×5 |
| 50:22 | Create | Camel Scout ×5 |
| 51:26 | Create | Villager (Male) |
| 51:27 | Create | Villager (Male) |
| 51:27 | Create | Villager (Male) |
| 51:27 | Create | Villager (Male) |
| 51:27 | Create | Villager (Male) |
| 51:27 | Create | Villager (Male) |
Match timeline
| 6:56 | Gut Check · first_building Barracks |
| 9:28 | mauhp · first_building Barracks |
| 9:43 | ZhiGang-LI · first_building Barracks |
| 9:57 | YB88898 · first_building Barracks |
| 10:02 | mauhp · age_up feudal |
| 10:06 | YB88898 · age_up feudal |
| 10:16 | mauhp · first_building Stable |
| 10:37 | ZhiGang-LI · age_up feudal |
| 10:49 | TheEskimoBrother · age_up feudal |
| 10:52 | Gut Check · age_up feudal |
| 10:57 | Gut Check · first_building Archery Range |
| 12:56 | JobsKill · first_building Barracks |
| 15:11 | YB88898 · first_building Stable |
| 15:18 | mauhp · first_building Archery Range |
| 15:18 | JobsKill · age_up feudal |
| 16:32 | ZhiGang-LI · first_market_buy 100 food |
| 16:58 | TheEskimoBrother · age_up castle |
| 17:11 | Gut Check · first_building Stable |
| 17:29 | TheEskimoBrother · first_building Castle |
| 17:49 | Gut Check · wall_segment Palisade Wall x7 |
| 17:57 | ZhiGang-LI · first_building Archery Range |
| 18:10 | TheEskimoBrother · first_building Monastery |
| 18:26 | YB88898 · wall_segment Stone Wall x11 |
| 18:50 | ZhiGang-LI · age_up castle |
| 19:45 | YB88898 · age_up castle |
| 19:46 | Gut Check · wall_segment Palisade Wall x6 |
| 19:53 | Gut Check · wall_segment Palisade Wall x9 |
| 20:00 | JobsKill · first_building Archery Range |
| 20:02 | Gut Check · wall_segment Palisade Wall x15 |
| 21:35 | Gut Check · first_market_buy 100 food |
| 21:41 | mauhp · age_up castle |
| 22:06 | mauhp · first_building Siege Workshop |
| 24:41 | Gut Check · wall_segment Palisade Wall x1 |
| 25:17 | YB88898 · first_building Castle |
| 27:25 | TheEskimoBrother · first_building Barracks |
| 27:47 | Gut Check · first_market_sell 100 stone |
| 27:54 | TheEskimoBrother · first_building Archery Range |
| 29:40 | TheEskimoBrother · first_market_buy 100 food |
| 29:46 | ZhiGang-LI · first_building Monastery |
| 31:12 | JobsKill · first_building Stable |
| 31:12 | mauhp · first_building Castle |
| 31:29 | Gut Check · age_up castle |
| 31:36 | Gut Check · first_building Castle |
| 32:37 | ZhiGang-LI · first_building Castle |
| 32:56 | TheEskimoBrother · age_up imperial |
| 34:18 | JobsKill · first_market_buy 500 food |
| 34:33 | YB88898 · first_building Monastery |
| 34:41 | YB88898 · wall_segment Stone Wall x13 |
| 34:56 | ZhiGang-LI · age_up imperial |
| 35:33 | JobsKill · tribute_sent a jugador 1 |
| 35:33 | JobsKill · tribute_sent a jugador 3 |
| 35:33 | JobsKill · tribute_sent a jugador 4 |
| 35:33 | JobsKill · tribute_sent a jugador 5 |
| 35:33 | JobsKill · tribute_sent a jugador 6 |
| 35:50 | ZhiGang-LI · first_market_sell 100 stone |
| 36:04 | Gut Check · wall_segment Stone Wall x13 |
| 37:04 | JobsKill · age_up castle |
| 38:40 | JobsKill · first_building Castle |
| 39:00 | YB88898 · age_up imperial |
| 40:07 | JobsKill · first_building Siege Workshop |
| 41:32 | mauhp · first_building Monastery |
| 42:59 | JobsKill · tribute_sent a jugador 1 |
| 42:59 | JobsKill · tribute_sent a jugador 3 |
| 42:59 | JobsKill · tribute_sent a jugador 4 |
| 42:59 | JobsKill · tribute_sent a jugador 5 |
| 42:59 | JobsKill · tribute_sent a jugador 6 |
| 43:17 | mauhp · age_up imperial |
| 44:05 | Gut Check · age_up imperial |
| 45:04 | JobsKill · wall_segment Stone Wall x8 |
| 45:31 | JobsKill · wall_segment Palisade Wall x10 |
| 46:26 | JobsKill · tribute_sent a jugador 1 |
| 46:26 | JobsKill · tribute_sent a jugador 3 |
| 46:26 | JobsKill · tribute_sent a jugador 4 |
| 46:26 | JobsKill · tribute_sent a jugador 5 |
| 46:26 | JobsKill · tribute_sent a jugador 6 |
| 48:01 | Gut Check · first_building Siege Workshop |
| 49:58 | JobsKill · wall_segment Palisade Wall x8 |
| 54:10 | YB88898 · resign |
[ AI ANALYSIS · 1 CREDIT ]
What really happened in this match?
Wolo.gg analyzes every decision: build order, eco, micro, common mistakes by bracket. Personalized analysis on WhatsApp or Discord in 30 seconds.
Civ guide
Goths
Perfil
Jugador #792254